 Dungeon Crawl Stone Soup version 0.29.1-14-g9c671dbff4 (webtiles) character file.

Game seed: 3970309985817342205

4771 promet the Protected (level 10, -8/90 HPs)
             Began as a Minotaur Fighter on Feb 17, 2023.
             Was a Follower of Uskayaw.
             Killed by vampiric draining
             ... invoked by a vampire
              (15 damage)
             ... on level 9 of the Dungeon.
             The game lasted 00:43:29 (11565 turns).

promet the Protected (Minotaur Fighter)            Turns: 11565, Time: 00:43:29

Health: -8/90      AC: 14    Str: 24      XL:     10   Next: 23%
Magic:  9/9        EV: 11    Int:  7      God:    Uskayaw [*.....]
Gold:   296        SH:  0    Dex:  8 (9)  Spells: 9/9 levels left

rFire   . . .      SeeInvis .   a - +1 war axe (vorpal)
rCold   . . .      Faith    .   (no shield)
rNeg    . . .      Spirit   .   G - +0 swamp dragon scales
rPois   +          Reflect  +   n - +0 hat
rElec   .          Harm     .   H - +0 cloak
rCorr   .          Rampage  .   M - +0 pair of gloves
Will    .....                   s - +0 pair of boots
Stlth   ..........              y - amulet of reflection
HPRegen 0.25/turn               (no ring)
MPRegen 0.11/turn               (no ring)

@: confused
A: horns 2, retaliatory headbutt
a: Renounce Religion, Stomp


You were on level 9 of the Dungeon.
You worshipped Uskayaw.
Uskayaw was noncommittal.
You visited 1 branch of the dungeon, and saw 9 of its levels.

You collected 338 gold pieces.
You spent 42 gold pieces at shops.

Inventory:

Hand Weapons
 a - a +1 vorpal war axe (weapon)
 b - a +0 shortbow
 i - a +0 long sword
 k - a +1 short sword of venom
 o - a +0 sling
 p - a +4 dagger
 q - a +2 scythe of venom
 v - a +5 trident of protection
 D - a +2 dagger of electrocution
 F - a +0 glaive
 K - a +3 short sword
 N - a +4 war axe
 O - a +2 mace
 P - a +3 spear
Missiles
 f - 3 boomerangs (quivered)
 g - 104 stones
 w - 11 poisoned darts
Armour
 c - a +0 buckler
 m - a +0 chain mail
 n - a +0 hat (worn)
 s - a +0 pair of boots (worn)
 G - +0 swamp dragon scales (worn)
 H - a +0 cloak (worn)
 M - a +0 pair of gloves (worn)
Jewellery
 h - a ring of protection from cold
 y - an amulet of reflection (around neck)
 C - a +4 ring of evasion
Wands
 B - a wand of charming (27)
 E - a wand of flame (3)
Scrolls
 I - a scroll of fear
 L - a scroll of teleportation
Potions
 d - a potion of mutation {unknown}
 l - 3 potions of magic
 r - 3 potions of cancellation {unknown}
 t - 2 potions of degeneration {unknown}
 u - 2 potions of haste {unknown}
 x - 2 potions of curing
 z - a potion of ambrosia {unknown}
 A - a potion of flight {unknown}
 J - 2 potions of lignification {unknown}


   Skills:
 + Level 8.6 Fighting
 + Level 6.7 Long Blades
 + Level 5.6(6.7) Axes
 + Level 5.5(6.6) Polearms
 + Level 1.8 Throwing
 + Level 9.2 Armour
 + Level 3.1 Dodging
 + Level 2.5 Stealth
 + Level 8.2 Shields


You had 9 spell levels left.
You didn't know any spells.
Your spell library contained the following spells:

 Spells                   Type           Power      Damage    Failure   Level
 Blink                    Tloc           0%         N/A       69%         2
 Call Canine Familiar     Summ           0%         N/A       89%         3
 Dazzling Flash           Conj/Hex       0%         N/A       89%         3
 Portal Projectile        Hex/Tloc       0%         N/A       89%         3
 Iskenderun's Mystic Bla  Conj/Tloc      0%         2d3       100%        4
 Leda's Liquefaction      Hex/Erth       0%         N/A       100%        4
 Manifold Assault         Tloc           0%         N/A       100%        5
 Starburst                Conj/Fire      0%         6d3       100%        6
 Storm Form               Tmut/Air       0%         N/A       100%        7


Dungeon Overview and Level Annotations

Branches:
Dungeon (9/15)               Lair (0/5) D:8
 Temple: D:4-7          Orc: D:9-12

Altars:
Ashenzari
Fedhas
Kikubaaqudgha
Nemelex Xobeh
Uskayaw
Yredelemnul
Zin

Shops:
D:3 !


Innate Abilities, Weirdness & Mutations

You have a pair of horns on your head.
You reflexively headbutt those who attack you in melee.


Message History

Something draws strength from your injuries!
You completely miss something. Your headbutt misses something.
Something hits you. Something bites you.
Something draws strength from your injuries!
You can no longer pass through a line of other dancers.
You bump into the rock wall.
Something hits you but does no damage. Something bites you but does no damage.
You bump into the rock wall.
Something hits you. Something bites you!
* * * LOW HITPOINT WARNING * * *
Something draws strength from your injuries!
You hit something. Something hits you but does no damage.
Something completely misses you.
You closely miss something. Something hits you but does no damage.
Something bites you.
* * * LOW HITPOINT WARNING * * *
Something draws strength from your injuries!
Okay, then.
You are too confused!
Unknown command.
You barely miss something. Something hits you but does no damage.
Something bites you but does no damage.
You miss something.
You feel less confused. Something hits you but does no damage.
Something barely misses you.
You barely miss something. Your headbutt misses something.
Something hits you but does no damage. Something bites you but does no damage.
You hear some strange, mumbled words.
Something tries to affect you, but you resist.
You slash something! Your headbutt misses something.
You hear some strange, mumbled words.
You are confused.
You bump into the rock wall.
Something hits you but does no damage. Something bites you but does no damage.
You bump into the rock wall.
Something hits you!
* * * LOW HITPOINT WARNING * * *
Something bites you!
* * * LOW HITPOINT WARNING * * *
Something draws strength from your injuries!
You bump into the rock wall.
Something draws life force from you!
You die...

..# ..#
..# ..# .#
.####...#
.>....#
#.#####
..#
##########
###
#....@{..#
#####
#.######.#
..... #.#
#.# .....
#.# #.#
##### #.#
#.# # #.#
#.# # #.#
#V# #.#
#.# ####
#.# #.#


There were no monsters in sight!

Vanquished Creatures
  A two-headed ogre (D:8)
  Maggie (D:7)
  A kobold demonologist (D:9)
  A hornet (D:8)
  Sigmund (D:2)
  A wyvern (D:8)
  3 yaks (D:9)
  An orc warrior (D:7)
  2 black bears
  2 centaurs (D:5)
  An ogre (D:6)
  3 kobold brigands
  4 bullfrogs
  2 necrophages (D:4)
  11 wights
  3 howler monkeys
  2 bullfrog zombies (D:4)
  4 orc priests
  3 hounds
  2 jellies
  A human zombie (D:4)
  Jessica (D:2)
  2 iguanas
  A scorpion zombie (D:4)
  4 orc wizards
  2 hound zombies (D:4)
  Robin (D:2)
  A mummy (D:4)
  6 adders
  6 gnolls
  A shadow imp (D:5)
  2 white imps (D:7)
  An adder zombie (D:4)
  A worm (D:2)
  2 dart slugs (D:1)
  25 orcs
  7 bats
  5 endoplasms
  A giant cockroach (D:4)
  8 hobgoblins
  3 jackals (D:3)
  32 kobolds
  5 quokkas
  7 ball pythons
  5 frilled lizards
  16 goblins
  5 rats
200 creatures vanquished.

Vanquished Creatures (others)
  2 plants (D:8)
2 creatures vanquished.

Grand Total: 202 creatures vanquished

Notes
Turn   | Place    | Note
-------+----------+-------------------------------------------
     0 | D:1      | promet the Minotaur Fighter began the quest for the Orb.
     0 | D:1      | Reached XP level 1. HP: 19/19 MP: 0/0
   391 | D:1      | Reached XP level 2. HP: 27/27 MP: 1/1
   397 | D:1      | Found a faded altar of an unknown god.
   771 | D:1      | Reached skill level 4 in Armour
  1087 | D:2      | Noticed Jessica
  1103 | D:2      | Reached XP level 3. HP: 31/33 MP: 2/2
  1105 | D:2      | Killed Jessica
  1202 | D:2      | Noticed Sigmund
  1281 | D:2      | Noticed Robin
  1290 | D:1      | Reached XP level 4. HP: 36/41 MP: 3/3
  1476 | D:2      | Killed Sigmund
  1477 | D:2      | Reached skill level 5 in Fighting
  1477 | D:2      | Reached skill level 5 in Armour
  1477 | D:2      | Reached skill level 5 in Shields
  1477 | D:2      | Reached XP level 5. HP: 29/48 MP: 4/4
  1683 | D:2      | Killed Robin
  1691 | D:2      | Reached XP level 6. HP: 34/56 MP: 5/5
  2369 | D:3      | Found Telefec's Distillery.
  2392 | D:3      | Bought a potion of curing for 42 gold pieces
  3462 | D:4      | Reached XP level 7. HP: 57/62 MP: 6/6
  3495 | D:4      | Reached skill level 5 in Long Blades
  3539 | D:4      | Reached skill level 6 in Armour
  3563 | D:4      | Found an ancient bone altar of Kikubaaqudgha.
  4380 | D:3      | Reached XP level 8. HP: 46/71 MP: 7/7
  5208 | D:5      | Entered Level 5 of the Dungeon
  5811 | D:5      | Reached skill level 7 in Armour
  6475 | D:5      | Found a broken altar of Ashenzari.
  6479 | D:5      | Found a glowing silver altar of Zin.
  6654 | D:5      | Found a basalt altar of Yredelemnul.
  6663 | D:5      | Found a hide-covered altar of Uskayaw.
  6793 | D:5      | Became a worshipper of Uskayaw the Reveller
  6838 | D:6      | Reached * piety under Uskayaw
  7009 | D:6      | Reached ** piety under Uskayaw
  7010 | D:6      | Reached skill level 1 in Polearms
  7076 | D:6      | Reached *** piety under Uskayaw
  7080 | D:6      | You fall into a shaft and drop 2 floors!
  7310 | D:7      | Reached **** piety under Uskayaw
  7960 | D:7      | Found a sparkling altar of Nemelex Xobeh.
  7965 | D:7      | Noticed Maggie
  7988 | D:7      | Killed Maggie
  7989 | D:7      | Reached skill level 8 in Armour
  7989 | D:7      | Reached XP level 9. HP: 24/80 MP: 8/8
  8689 | D:7      | Reached skill level 5 in Polearms
  8748 | D:7      | Reached skill level 1 in Throwing
  8811 | D:7      | Found a blossoming altar of Fedhas.
  8950 | D:8      | Reached skill level 1 in Axes
  8950 | D:8      | Reached skill level 1 in Dodging
  9045 | D:8      | Reached skill level 1 in Stealth
  9200 | D:8      | Noticed a two-headed ogre
  9374 | D:8      | Killed a two-headed ogre
  9652 | D:8      | Found a staircase to the Lair.
 10612 | D:9      | Reached XP level 10. HP: 72/90 MP: 9/9
 10613 | D:9      | Reached skill level 9 in Armour
 10615 | D:9      | Reached skill level 5 in Axes
 11169 | D:9      | Noticed a rust devil
 11173 | D:9      | Noticed a rust devil
 11178 | D:9      | HP: 3/90 [rust devil[a kobold demonologist] (11)]
 11181 | D:9      | Noticed an orange demon
 11565 | D:9      | Killed from afar by a vampire

Illustrated notes

Levels and vault maps discovered:
D:1:      psy_arrival_radial01, layout_loops_corners,
          nicolae_ecumenical_snake_handling
D:2:      layout_rooms, uniq_sigmund, uniq_jessica, uniq_robin
D:3:      layout_basic, serial_shops, nicolae_shop_statue_plus
D:4:      layout_gridville, lemuel_mausoleum_altar_kikubaaqudgha,
          kennysheep_generic_room_16
D:5:      layout_gridville, nicolae_overflow_hidden_temple,
          mainiacjoe_overflow_swirl, minivault_24
D:6:      layout_loops_ring, lemuel_crystal_altar,
          minmay_temple_entry_from_below_a, uniq_duvessa
D:7:      layout_loops_cross, nemelex_xobeh_ov_fountains_minmay,
          general_overflow_altar, uniq_maggie
D:8:      layout_layer_cave, lair_entry_dummy, serial_rivers,
          chequers_serial_rivers_small_b, chequers_serial_rivers_micro_a,
          chequers_serial_rivers_micro_c, chequers_serial_rivers_micro_c,
          serial_bayou_pond_e
D:9:      layout_basic, uniq_erolcha

Skill      XL: |  1  2  3  4  5  6  7  8  9 10 |
---------------+-------------------------------+-----
Shields        | 4 5 6 7 8 |  8.2
Fighting       | 4 5 6 7 8 |  8.6
Armour         | 4 5 6 8 9 |  9.2
Long Blades    | 3 4 6 |  6.7
Polearms       | 4 5 |  5.5
Throwing       | 1 |  1.8
Axes           | 4 5 |  5.6
Dodging        | 2 3 |  3.1
Stealth        | 2 |  2.5

Action                   |  1- 3 |  4- 6 |  7- 9 | 10-12 || total
-------------------------+-------+-------+-------+-------++-------
Melee: Long sword        |    17 |       |       |       ||    17
       Short sword       |    54 |     6 |       |       ||    60
       Headbutt          |     9 |    13 |    47 |    11 ||    80
       Halberd           |       |    88 |    49 |       ||   137
       Trident           |       |       |   120 |       ||   120
       Glaive            |       |       |    22 |       ||    22
       War axe           |       |       |    77 |    64 ||   141
       Punch             |       |       |     2 |     1 ||     3
 Fire: Sling             |       |     3 |       |       ||     3
       Shortbow          |       |       |     4 |     4 ||     8
Throw: Boomerang         |    16 |       |    30 |     3 ||    49
       Dart              |       |       |     5 |       ||     5
  Use: Scroll            |     3 |     1 |     9 |     1 ||    14
       Potion            |     1 |     2 |     4 |     3 ||    10
 Stab: Paralysed         |       |       |     4 |     8 ||    12
Armor: Scale mail        |    51 |    19 |       |       ||    70
       Chain mail        |       |    29 |   120 |       ||   149
       Swamp dragon scal |       |       |    30 |    40 ||    70
Dodge: Dodged            |    37 |    39 |   126 |    46 ||   248
Block: Buckler           |    13 |     1 |       |       ||    14
       Other             |       |       |    67 |    16 ||    83
       Reflection        |       |       |     3 |     1 ||     4
